 Dungeon Crawl Stone Soup version 0.19.1-1-g22dce08 (webtiles) character file.

2594 galech the Grappler (level 9, -4/92 HPs)
             Began as a Troll Monk on Dec 31, 2016.
             Was an Elder of Okawaru.
             Shot with a sling bullet by Joseph (6 damage)
             ... on level 7 of the Dungeon.
             The game lasted 00:12:36 (4641 turns).

galech the Grappler (Troll Monk)                    Turns: 4641, Time: 00:12:36

Health: -4/92      AC:  8    Str: 24    XL:     9   Next: 33%
Magic:  17/17      EV: 13    Int:  6    God:    Okawaru [****..]
Gold:   366        SH:  0    Dex: 12    Spells: 0 memorised, 8 levels left

rFire  . . .     SeeInvis .       - Unarmed
rCold  . . .     Gourm    +     a - +0 robe
rNeg   . . .     Faith    .     (no shield)
rPois  .         Spirit   .     u - +2 hat
rElec  .         Reflect  .     g - +0 cloak
rCorr  .         Harm     .     (gloves unavailable)
MR     .....                    (boots unavailable)
Stlth  ++........               (no amulet)
                                k - ring of magical power
                                (no ring)

@: no status effects
A: unfitting armour, claws 3, fast metabolism 3, gourmand, regeneration 1,
shaggy fur 1, tough skin 2
a: Heroism, Renounce Religion


You were on level 7 of the Dungeon.
You worshipped Okawaru.
Okawaru was greatly pleased with you.
You were very full.

You visited 1 branch of the dungeon, and saw 7 of its levels.

You collected 366 gold pieces.

Inventory:

Armour
 a - a +0 robe (worn)
 g - a +0 cloak (worn)
 u - a +2 hat (worn)
Jewellery
 k - a ring of magical power (right claw)
Wands
 v - a wand of acid (11/15)
 z - a wand of enslavement (13/24)
Scrolls
 d - 4 scrolls of teleportation
 e - a scroll of enchant weapon
 l - a scroll of remove curse
 o - a scroll of recharging
 q - 2 scrolls of blinking
 t - 2 scrolls of fear
 w - 3 scrolls of random uselessness
 x - a scroll of fog
Potions
 f - a potion of haste
 i - a potion of heal wounds
 j - 5 potions of mutation {unknown}
 p - a potion of curing
 A - a potion of invisibility {unknown}
 B - a potion of agility {unknown}
 C - 2 potions of magic {unknown}
Books
 n - a book of Misfortune

   Spells                             Type                      Level
   a - Confusing Touch                Hexes                        1
   b - Confuse                        Hexes                        3
   c - Gell's Gravitas                Hexes/Translocation          3
   d - Petrify                        Transmutation/Earth          4
   e - Metabolic Englaciation         Hexes/Ice                    5
   f - Yara's Violent Unravelling     Hexes/Transmutation          5
 y - a book of Cantrips

   Spells                             Type                      Level
   a - Confusing Touch                Hexes                        1
   b - Animate Skeleton               Necromancy                   1
   c - Summon Small Mammal            Summoning                    1
   d - Apportation                    Translocation                1
Comestibles
 b - 6 bread rations
 c - 4 chunks of flesh
 h - 3 slices of pizza
 m - 3 fruits
 r - 3 meat rations
 s - 3 beef jerkies


   Skills:
 + Level 6.6 Fighting
 + Level 6.6 Dodging
 - Level 1.0 Stealth
 + Level 8.0 Unarmed Combat


You had 8 spell levels left.
You didn't know any spells.

Dungeon Overview and Level Annotations

Branches:
Dungeon (7/15)
 Temple: D:4-7

Altars:
Okawaru

Shops:
D:4 (   D:5 (:

Annotations:
D:7 Joseph


Innate Abilities, Weirdness & Mutations

You are too large for most types of armour.
You have claws for hands.
Your metabolism is lightning-fast.
You like to eat raw meat.
Your natural rate of healing is unusually fast.
You are covered in fur. (AC +1)
You have very tough skin. (AC +2)


Message History

The ogre hits you with a giant club!!
You mangle the ogre!!
You kill the ogre!
Okawaru accepts your kill.
Your Unarmed Combat skill increases to level 8!
Joseph shoots a sling bullet.
The sling bullet barely misses you.
Joseph shoots a sling bullet.
The sling bullet hits you!!
* * * LOW HITPOINT WARNING * * *
You see here a howler monkey corpse.
You are too injured to fight recklessly!
You are too injured to fight recklessly!
You are too injured to fight recklessly!
You are too injured to fight recklessly!
You see here a sling bullet.
Joseph shoots a sling bullet.
The sling bullet hits you!
* * * LOW HITPOINT WARNING * * *
You see here a sling bullet.
Joseph says, "I've waited for this moment for such a long time."
Joseph shoots a sling bullet.
The sling bullet hits you.
You die...

#( ##.## h##...########
>.......... .. ###
####...#.... .# #..
#.........# .#.###
#.#.........#######....####
........)#!....)..[........
#....@.†((@(..#####....####
..#.....)..[#.# #.#.##
#....#...##.#.## #.#.# ##.#
#.###.....# #.#.# #
#.#.###..#..####.#.#
.................#.###
.#####".<..####.....# #.
#.....# #.....### #.##.##
#.......>


You could see Joseph.

Vanquished Creatures
  Grinder (D:6)
  A sky beast (D:4)
  An orc warrior (D:6)
  2 black bears
  A phantom (D:7)
  A necrophage (D:6)
  4 ogres
  5 centaurs
  2 bullfrogs (D:7)
  A water moccasin zombie (D:6)
  A scorpion (D:6)
  5 howler monkeys
  2 centaur zombies
  A bullfrog zombie (D:6)
  2 crimson imps
  2 bullfrog skeletons (D:6)
  2 hounds
  2 jellies
  An iguana (D:5)
  3 orc wizards
  4 worker ants
  5 adders
  An adder zombie (D:5)
  4 dart slugs
  3 leopard geckos
  20 orcs
  7 giant cockroaches
  4 hobgoblins
  3 jackals
  6 kobolds
  3 quokkas
  2 ball pythons
  6 bats
  7 frilled lizards
  8 goblins
  A jackal skeleton (D:5)
  A leopard gecko skeleton (D:6)
  A quokka skeleton (D:4)
  2 rats (D:3)
128 creatures vanquished.

Notes
Turn   | Place    | Note
-------+----------+-------------------------------------------
     0 | D:1      | galech the Troll Monk began the quest for the Orb.
     0 | D:1      | Reached XP level 1. HP: 22/22 MP: 0/0
   160 | D:1      | Reached XP level 2. HP: 29/29 MP: 1/1
   680 | D:2      | Reached XP level 3. HP: 35/36 MP: 2/2
  1552 | D:3      | Reached XP level 4. HP: 24/45 MP: 3/3
  2211 | D:4      | Noticed an ogre
  2221 | D:4      | Reached skill level 4 in Unarmed Combat
  2253 | D:3      | Reached XP level 5. HP: 34/53 MP: 4/4
  2278 | D:4      | Killed an ogre
  2435 | D:4      | Found Wumyez's Weapon Shop.
  2515 | D:4      | Reached XP level 6. HP: 62/62 MP: 5/5
  2859 | D:4      | Noticed a sky beast
  2870 | D:4      | Killed a sky beast
  2870 | D:4      | Reached skill level 5 in Unarmed Combat
  2901 | D:5      | Entered Level 5 of the Dungeon
  2918 | D:5      | Reached XP level 7. HP: 64/71 MP: 6/6
  3141 | D:5      | Found Ikuryaplamn's Book Shoppe.
  3154 | D:5      | Reached skill level 5 in Fighting
  3214 | D:5      | Found Dacod's Weapon Emporium.
  3266 | D:5      | Found an iron altar of Okawaru.
  3276 | D:5      | Became a worshipper of Warmaster Okawaru
  3276 | D:5      | Reached * piety under Okawaru
  3276 | D:5      | Reached ** piety under Okawaru
  3343 | D:5      | Reached skill level 6 in Unarmed Combat
  3596 | D:5      | Reached XP level 8. HP: 75/80 MP: 7/7
  3616 | D:6      | Reached skill level 5 in Dodging
  3730 | D:6      | Noticed Grinder
  3737 | D:6      | Killed Grinder
  3871 | D:6      | Reached skill level 7 in Unarmed Combat
  3962 | D:6      | Reached *** piety under Okawaru
  4507 | D:7      | Reached XP level 9. HP: 89/89 MP: 8/8
  4632 | D:7      | Noticed Joseph
  4637 | D:7      | Reached **** piety under Okawaru
  4637 | D:7      | Reached skill level 8 in Unarmed Combat
  4640 | D:7      | HP: 1/92 [Joseph/sling bullet (14)]
  4641 | D:7      | Shot with a sling bullet by Joseph

Skill      XL: |  1  2  3  4  5  6  7  8  9 |
---------------+----------------------------+-----
Fighting       | 3 4 5 6 |  6.6
Dodging        | 3 4 6 |  6.6
Unarmed Combat | 4 5 6 7 8 |  8.0
Stealth        | |  1.0

Action                   |  1- 3 |  4- 6 |  7- 9 || total
-------------------------+-------+-------+-------++-------
Melee: Unarmed           |   105 |   108 |   214 ||   427
       Punch             |       |       |     9 ||     9
  Use: Scroll            |       |       |    13 ||    13
 Stab: Sleeping          |     3 |       |       ||     3
  Eat: Chunk             |    20 |    11 |    15 ||    46
Armor: Robe              |    35 |    43 |    50 ||   128
Dodge: Dodged            |    47 |    79 |    99 ||   225
